 Dungeon Crawl Stone Soup version 0.21.1-1-g345015f (webtiles) character file.

214 JeffiDaFish the Digger (level 5, 0/28 HPs)
             Began as a Gargoyle Earth Elementalist on Feb 18, 2018.
             Was an Initiate of Vehumet.
             Slain by an ogre
             ... wielding a cursed -2 giant spiked club
              (28 damage)
             ... on level 5 of the Dungeon.
             The game lasted 00:07:36 (3227 turns).

JeffiDaFish the Digger (GrEE)                       Turns: 3227, Time: 00:07:36

Health: 0/28       AC:  7    Str: 10 (11) XL:     5   Next: 91%
Magic:  6/10       EV: 12    Int: 17      God:    Vehumet [......]
Gold:   320        SH:  0    Dex:  9 (10) Spells: 2/11 levels left

rFire    . . .     SeeInvis .   i - +2 flail (crush)
rCold    . . .     Gourm    .   (no shield)
rNeg     + . .     Faith    .   c - +0 robe
rPois    ∞         Spirit   .   (no helmet)
rElec    +         Reflect  .   (no cloak)
rCorr    .         Harm     .   f - +0 pair of gloves
MR       .....                  (no boots)
Stlth    ++........             (no amulet)
HPRegen  0.09/turn              (no ring)
MPRegen  0.12/turn              (no ring)

@: no status effects
A: negative energy resistance 1, electricity resistance, unbreathing,
petrification resistance, rot immunity, AC +4
a: Renounce Religion


You were on level 5 of the Dungeon.
You worshipped Vehumet.
Vehumet was noncommittal.
You were not hungry.

You visited 1 branch of the dungeon, and saw 5 of its levels.

You collected 320 gold pieces.

Inventory:

Hand Weapons
 i - a +2 flail of crushing (weapon)
Missiles
 b - 86 stones (quivered)
Armour
 c - a +0 robe (worn)
 f - a +0 pair of gloves (worn)
Wands
 j - a wand of polymorph (10)
Scrolls
 a - 2 scrolls of teleportation
 h - 4 scrolls of identify
Potions
 g - a potion of heal wounds
 l - a potion of agility
Books
 e - a book of Geomancy

   Spells                             Type                      Level
   a - Sandblast                      Earth                        1
   b - Passwall                       Transmutation/Earth          2
   c - Stone Arrow                    Conjuration/Earth            3
   d - Petrify                        Transmutation/Earth          4
   e - Lee's Rapid Deconstruction     Earth                        5
Comestibles
 d - 4 rations
 k - 2 chunks of flesh


   Skills:
 - Level 0.2 Fighting
 - Level 1.7 Dodging
 - Level 2.5 Stealth
 + Level 3.8 Spellcasting
   Level 0.7 Transmutations
 + Level 6.0 Earth Magic


You had 2 spell levels left.
You knew the following spells:

 Your Spells              Type           Power        Failure   Level  Hunger
a - Sandblast             Erth           ###...       1%          1    None
b - Stone Arrow           Conj/Erth      ##....       14%         3    ###....
c - Lee's Rapid Deconstr  Erth           ###.......   36%         5    ######.


Dungeon Overview and Level Annotations

Branches:
Dungeon (4/15)
 Temple: D:4-7

Altars:
Trog
Vehumet
Wu Jian


Innate Abilities, Weirdness & Mutations

You are resistant to torment.
Your stone body is resilient. (AC +4)
You are immune to poison.
You resist negative energy. (rN+)
You are resistant to electric shocks. (rElec)
You can survive without breathing.
You are immune to petrification.
You are immune to rotting.


Message History

An ogre comes into view. It is wielding a giant spiked club.
Casting: Stone Arrow
Confirm with . or Enter, or press ? or * to list all spells.
Aiming: Stone Arrow
Press: ? - help, Shift-Dir - straight line, f - ogre
Aim: an ogre, wielding a giant spiked club (resting)
The stone arrow hits the ogre.
The ogre is heavily wounded.
The ogre shouts!
Casting: Stone Arrow
Confirm with . or Enter, or press ? or * to list all spells.
Aiming: Sandblast
Press: ? - help, Shift-Dir - straight line, f/p - ogre
Aim: an ogre, wielding a giant spiked club (heavily wounded)
The blast of sand hits the ogre.
The ogre is heavily wounded.
b - 86 stones The ogre hits you with a giant spiked club!!
Ouch! That really hurt!
You die...

#.# #.#.##### #.#...##
#.# #.#.# #.##.##
#.###.#.#######.##.#
#...............##.#
#####.############+# #.#
##...## #.# ##.....# #.#
#....... #@# #.<......
........O......+........
#######.#...####........
#.##.## ##....... #.# ##
##.....# #.# ##...## #..
##+# ###


You could see an ogre.

Vanquished Creatures
  A hound (D:4)
  Ijyb (D:3)
  A hound skeleton (D:4)
  Robin (D:2)
  2 adders (D:2)
  3 gnolls (D:2)
  An ooze (D:5)
  2 worms
  2 dart slugs
  3 leopard geckos
  3 orcs (D:4)
  A ball python (D:2)
  3 giant cockroaches
  16 goblins
  9 hobgoblins
  2 jackals (D:3)
  7 kobolds
  4 bats
  3 frilled lizards
  3 rats (D:1)
68 creatures vanquished.

Notes
Turn   | Place    | Note
-------+----------+-------------------------------------------
     0 | D:1      | JeffiDaFish the Gargoyle Earth Elementalist began the quest for the Orb.
     0 | D:1      | Reached XP level 1. HP: 10/10 MP: 3/3
   112 | D:1      | Reached skill level 4 in Earth Magic
   112 | D:1      | Reached XP level 2. HP: 6/15 MP: 0/5
   820 | D:1      | Reached XP level 3. HP: 19/19 MP: 4/6
  1508 | D:2      | Reached XP level 4. HP: 24/24 MP: 4/8
  1551 | D:2      | Noticed Robin
  1563 | D:2      | Killed Robin
  1563 | D:2      | Reached skill level 5 in Earth Magic
  1711 | D:2      | Learned a level 3 spell: Stone Arrow
  1875 | D:2      | Reached XP level 5. HP: 8/28 MP: 0/9
  2260 | D:3      | Found a radiant altar of Vehumet.
  2297 | D:3      | Became a worshipper of Vehumet
  2422 | D:3      | Noticed Ijyb
  2424 | D:3      | Found a bloodstained altar of Trog.
  2484 | D:3      | Killed Ijyb
  2745 | D:3      | Learned a level 5 spell: Lee's Rapid Deconstruction
  2895 | D:4      | Found an ornate altar of the Wu Jian Council.
  3135 | D:4      | You fall through a shaft!
  3135 | D:5      | Entered Level 5 of the Dungeon
  3165 | D:5      | Reached skill level 6 in Earth Magic
  3225 | D:5      | Noticed an ogre
  3227 | D:5      | Slain by an ogre

Skill      XL: |  1  2  3  4  5 |
---------------+----------------+-----
Earth Magic    | 4 5 6 |  6.0
Spellcasting   | 3 |  3.8
Fighting       | |  0.2
Dodging        | |  1.7
Stealth        | |  2.5
Transmutations | |  0.7

Action                   |  1- 3 |  4- 6 || total
-------------------------+-------+-------++-------
Melee: Short sword       |    35 |       ||    35
       Unarmed           |     1 |     6 ||     7
       Mace              |     3 |    26 ||    29
       Flail             |       |    35 ||    35
 Cast: Sandblast         |    34 |    17 ||    51
       Stone Arrow       |       |     7 ||     7
  Use: Potion            |     4 |     2 ||     6
       Scroll            |     3 |     5 ||     8
 Stab: Sleeping          |     2 |     2 ||     4
       Confused          |       |     1 ||     1
  Eat: Chunk             |     2 |     6 ||     8
Armor: Robe              |    20 |    24 ||    44
       Skin              |       |     1 ||     1
Dodge: Dodged            |    37 |    48 ||    85
